 Dungeon Crawl Stone Soup version 0.20-a0-910-gb611367 (webtiles) character file.

39 graki42 the Firebug (level 3, -3/19 HPs)
             Began as a Deep Elf Fire Elementalist on Mar 24, 2017.
             Killed from afar by Sigmund (8 damage)
             ... with a magic dart
             ... on level 2 of the Dungeon.
             The game lasted 00:03:16 (1285 turns).

graki42 the Firebug (Deep Elf Fire Elementalist)    Turns: 1285, Time: 00:03:16

Health: -3/19      AC:  2    Str:  6    XL:     3   Next: 28%
Magic:  1/9        EV: 13    Int: 19    God:
Gold:   51         SH:  0    Dex: 15    Spells: 1/8 levels left

rFire    . . .     SeeInvis .   (no weapon)
rCold    . . .     Gourm    .   a - +0 robe
rNeg     . . .     Faith    .   (no shield)
rPois    .         Spirit   .   (no helmet)
rElec    .         Reflect  .   (no cloak)
rCorr    .         Harm     .   (no gloves)
MR       .....                  (no boots)
Stlth    ++........             (no amulet)
Regen    0.1/turn               (no ring)
MPRegen  0.2/turn               i - ring of wizardry

@: very slightly contaminated
A: no striking features
a: no special abilities


You were on level 2 of the Dungeon.
You were not hungry.

You visited 1 branch of the dungeon, and saw 2 of its levels.

You collected 51 gold pieces.

Inventory:

Armour
 a - a +0 robe (worn)
Jewellery
 i - a ring of wizardry (left hand)
Scrolls
 g - a scroll of identify {unknown}
 k - a scroll of teleportation {unknown}
 m - a scroll of amnesia {unknown}
Potions
 e - 2 potions of haste {unknown}
 f - a potion of mutation {unknown}
 j - 2 potions of lignification {unknown}
 l - a potion of ambrosia {unknown}
 o - a potion of brilliance {unknown}
Books
 b - a book of Flames

   Spells                             Type                      Level
   a - Flame Tongue                   Conjuration/Fire             1
   b - Throw Flame                    Conjuration/Fire             2
   c - Conjure Flame                  Conjuration/Fire             3
   d - Inner Flame                    Hexes/Fire                   3
   e - Sticky Flame                   Conjuration/Fire             4
   f - Fireball                       Conjuration/Fire             5
Comestibles
 c - a bread ration
 d - a royal jelly
 h - 5 fruits
 n - a chunk of flesh


   Skills:
 + Level 2.8 Dodging
 + Level 2.8 Stealth
 + Level 3.4 Spellcasting
 + Level 1.5 Conjurations
 + Level 4.0 Fire Magic


You had one spell level left.
You knew the following spells:

 Your Spells              Type           Power        Failure   Level  Hunger
a - Flame Tongue          Conj/Fire      ##...        2%          1    None
b - Conjure Flame         Conj/Fire      ##......     6%          3    ###....
c - Inner Flame           Hex/Fire       ##......     9%          3    ###....


Dungeon Overview and Level Annotations

Branches:
Dungeon (2/15)

Altars:

Annotations:
D:2 Sigmund


Message History

Casting: Conjure Flame
Confirm with . or Enter, or press ? or * to list all spells.
Aiming: Conjure Flame
Press: ? - help, Dir - move target cursor The fire ignites!
Something hits you. Something burns you.
You aren't carrying any items that you can evoke.
Unknown command.
Casting: Conjure Flame
Confirm with . or Enter, or press ? or * to list all spells.
Aiming: Inner Flame
Press: ? - help, Shift-Dir - straight line, f - frilled lizard
Aim: a frilled lizard (chance to defeat MR: 75%)
The frilled lizard is filled with an inner flame.
A magic dart appears from out of thin air!
The magic dart hits you!
Ouch! That really hurt!
* * * LOW HITPOINT WARNING * * *
A magic dart appears from out of thin air!
The magic dart hits you!
You die...

#..## #........####.# #..#
##............#
#..##########.##..########
#.............##..#
##...#########.##..#
.#...).## #.##..#
#.........#######.##..#
#....8.....l...#...#.รท#
#...8.8...####..@....<#
#..8._.8(## #.........#
##..8.8..# ##............
#(..8...# ##.#.......... #
#.......# #...###.#####
.[...## ##### .# #.## .#
.#


You could see a frilled lizard (inner flame).

Vanquished Creatures
  2 adders (D:2)
  2 leopard geckos
  2 bats
  2 giant cockroaches (D:2)
  2 goblins (D:1)
  3 hobgoblins (D:1)
  2 frilled lizards
  2 kobolds (D:1)
  4 rats
21 creatures vanquished.

Vanquished Creatures (others)
  5 toadstools (D:1)
5 creatures vanquished.

Grand Total: 26 creatures vanquished

Notes
Turn   | Place    | Note
-------+----------+-------------------------------------------
     0 | D:1      | graki42 the Deep Elf Fire Elementalist began the quest for the Orb.
     0 | D:1      | Reached XP level 1. HP: 10/10 MP: 6/6
   456 | D:1      | Reached XP level 2. HP: 15/15 MP: 5/8
  1113 | D:2      | Reached skill level 4 in Fire Magic
  1113 | D:2      | Reached XP level 3. HP: 9/19 MP: 1/9
  1118 | D:2      | Learned a level 3 spell: Conjure Flame
  1122 | D:2      | Learned a level 3 spell: Inner Flame
  1266 | D:2      | Found a faded altar of an unknown god.
  1268 | D:2      | Noticed Sigmund
  1285 | D:2      | Killed from afar by Sigmund

Vault maps used:
D:1:      ldierk_walled_garden
D:2:      overflow_temple_1_default, chequers_ecumenical_altar_simple_redux,
          uniq_terence, uniq_sigmund

Skill      XL: |  1  2 |
---------------+-------+-----
Fire Magic     | 4 |  4.0
Dodging        | |  2.8
Stealth        | |  2.8
Spellcasting   | |  3.4
Conjurations   | |  1.5

Action                   || total
-------------------------++-------
 Cast: Flame Tongue      ||    42
       Conjure Flame     ||     1
       Inner Flame       ||     1
  Eat: Chunk             ||     1
Armor: Robe              ||     3
Dodge: Dodged            ||    16
